 Dungeon Crawl Stone Soup version 0.20.0-10-g0535bb4 (webtiles) character file.

2809 seyes the Changer (level 9, 0/55 HPs)
             Began as an Octopode Transmuter on June 6, 2017.
             Was a Believer of Cheibriados.
             Killed from afar by a steam dragon (21 damage)
             ... with a ball of steam
             ... on level 8 of the Dungeon.
             The game lasted 01:12:43 (12159 turns).

seyes the Changer (Octopode Transmuter)            Turns: 12159, Time: 01:12:44

Health: 0/55       AC:  1    Str: 15    XL:     9   Next: 72%
Magic:  10/16      EV: 15    Int: 23    God:    Cheibriados [**....]
Gold:   307        SH:  0    Dex: 17    Spells: 3/18 levels left

rFire    . . .     SeeInvis .     - Unarmed
rCold    + . .     Gourm    .   (shield currently unavailable)
rNeg     . . .     Faith    .   (helmet restricted)
rPois    .         Spirit   .   (no amulet)
rElec    .         Reflect  .   p - ring of stealth
rCorr    .         Harm     .   y - ring of wizardry
MR       .....                  D - ring of protection from cold
Stlth    ++++......             (no ring)
Regen    0.2/turn               (no ring)
MPRegen  0.2/turn               (no ring)
                                (no ring)
                                (no ring)

@: blade tentacles, very slow
A: almost no armour, stealthy swim, amphibious, 8 rings, constrict 8, camouflage
1, gelatinous body 1
a: End Transformation, Bend Time, Renounce Religion


You were on level 8 of the Dungeon.
You worshipped Cheibriados.
Cheibriados was pleased with you.
You were not hungry.
You had blades for tentacles.
You visited 2 branches of the dungeon, and saw 9 of its levels.
You also visited: Sewer and Ossuary.

You collected 517 gold pieces.
You spent 210 gold pieces at shops.

Inventory:

Hand Weapons
 f - a +4 blowgun (melded)
 i - a +3 whip of venom
Missiles
 a - 156 arrows
 e - 410 stones (quivered)
 h - 16 tomahawks
 j - a throwing net
 k - 79 poisoned needles
 n - 4 javelins
 M - 3 curare-tipped needles
Armour
 r - a +1 shield of reflection
 N - a +2 buckler (melded)
Jewellery
 p - a ring of stealth (left scythe-like blade)
 y - a ring of wizardry (right scythe-like blade)
 D - a ring of protection from cold (on tentacle)
Wands
 J - a wand of flame (37/48)
 L - a wand of polymorph (19/24)
Scrolls
 q - 2 scrolls of recharging
 s - 8 scrolls of teleportation
 A - a scroll of random uselessness {unknown}
 F - a scroll of blinking {unknown}
 H - a scroll of remove curse
 I - a scroll of fog
 K - a scroll of amnesia {unknown}
Potions
 d - a potion of mutation {unknown}
 g - 7 potions of heal wounds
 l - 8 potions of curing
 m - 3 potions of might {unknown}
 o - 2 potions of haste {unknown}
 t - 2 potions of resistance {unknown}
 v - 2 potions of invisibility {unknown}
 x - 2 potions of magic {unknown}
 z - 2 potions of cancellation {unknown}
 B - a potion of ambrosia {unknown}
 G - a potion of flight {unknown}
Books
 b - a book of Changes

   Spells                             Type                      Level
   a - Beastly Appendage              Transmutation                1
   b - Sticks to Snakes               Transmutation                2
   c - Spider Form                    Transmutation/Poison         3
   d - Ice Form                       Ice/Transmutation            4
   e - Blade Hands                    Transmutation                5
 w - a book of the Sky

   Spells                             Type                      Level
   a - Summon Lightning Spire         Summoning/Air                4
   b - Silence                        Hexes/Air                    5
   c - Deflect Missiles               Charms/Air                   6
   d - Conjure Ball Lightning         Conjuration/Air              6
   e - Tornado                        Air                          9
Comestibles
 c - 3 bread rations
 u - a chunk of flesh
 C - a meat ration
 E - 2 fruits


   Skills:
 + Level 2.8 Fighting
 - Level 1.0 Throwing
 + Level 3.6 Dodging
 + Level 3.1 Stealth
 + Level 4.6 Unarmed Combat
 - Level 5.0 Spellcasting
 - Level 7.6 Transmutations
 - Level 5.1 Ice Magic
 - Level 4.2 Poison Magic
 + Level 3.2 Invocations


You had 3 spell levels left.
You knew the following spells:

 Your Spells              Type           Power        Failure   Level  Hunger
A - Beastly Appendage     Tmut           #####.       4%          1    None
I - Ice Form              Ice/Tmut       #####...     16%         4    ####...
L - Blade Hands           Tmut           #####.....   22%         5    #####..
P - Spider Form           Tmut/Pois      ####......   10%         3    ##.....
T - Sticks to Snakes      Tmut           #####...     5%          2    None


Dungeon Overview and Level Annotations

Branches:
Dungeon (8/15)             Temple (1/1) D:6
   Lair: D:8-11

Altars:
Cheibriados
Elyvilon
Makhleb
Qazlal
Ru
Sif Muna
Trog
Vehumet
Yredelemnul
Zin
The Shining One

Shops:
D:4 [

Annotations:
D:3 christhawk's ghost, amateur DsHu
D:4 SirKenneth's ghost, novice CeHu
D:5 Sigmund
D:6 exclusion: bullfrog, Dowan; Duvessa
D:7 Menkaure


Innate Abilities, Weirdness & Mutations

You cannot wear most types of armour.
You are very stealthy in the water. (Stealth+)
You are amphibious.
You can wear up to eight rings at the same time.
You can use your tentacles to constrict eight enemies at once.
Your skin changes colour to match your surroundings (Stealth+).
Your rubbery body absorbs attacks. (AC +1, EV +1)


Message History

You barely miss the steam dragon.
The steam dragon is lightly wounded.
The steam dragon breathes steam at you. The ball of steam misses you.
Casting: Blade Hands
Confirm with . or Enter, or press ? or * to list all spells.
You don't know that spell.
Casting: Blade Hands
Confirm with . or Enter, or press ? or * to list all spells.
You create 3 snakes!
You now have 156 arrows.
You are engulfed in a cloud of scalding steam.
* * * LOW HITPOINT WARNING * * *
The steam dragon bites you.
* * * LOW HITPOINT WARNING * * *
The steam dragon barely misses you.
You feel much better.
You are engulfed in a cloud of scalding steam.
The steam dragon breathes steam at you. The ball of steam hits you!
You die...

#...#....#...#.. ##..........##..
#...#..#...#... ###........##...
#.#_......_#....
###.####''####....
##.S..)............
##.................. #
##.ยง@D...#........... #
##..SS................ ##
##..........###........ .#
##........[...###....... .##
##.............####..#...
..#######...............# #......
#..##...................####.....
.........................# ##....
###..####................# #..>.


You could see a steam dragon, a friendly adder and 2 friendly ball pythons.

Vanquished Creatures
  An ice beast (D:6)
  An orc warrior (D:6)
  2 phantoms
  A sky beast (D:7)
  3 ogres
  2 centaurs
  Blork the orc (D:6)
  5 bullfrogs
  2 water moccasin zombies (Ossuary)
  2 scorpions
  A howler monkey (D:6)
  A centaur zombie (D:5)
  2 crimson imps
  5 hounds
  2 jellies
  2 orc priests (D:4)
  4 bullfrog skeletons
  A centaur skeleton (D:5)
  2 iguanas
  5 orc wizards
  4 worker ants
  5 big kobold zombies (Ossuary)
  A hound zombie (D:5)
  A hound skeleton (D:6)
  2 mummies (Ossuary)
  13 adders
  9 gnolls
  A shadow imp (D:8)
  2 oozes (D:1)
  4 adder zombies (Ossuary)
  2 dart slugs
  8 leopard geckos
  19 orcs
  15 giant cockroaches
  3 goblins
  7 hobgoblins
  3 jackals
  7 kobolds
  5 quokkas
  12 bats
  10 frilled lizards
  3 gnoll zombies (Ossuary)
  8 hobgoblin zombies (Ossuary)
  A jackal skeleton (D:4)
  2 kobold zombies (Ossuary)
  4 orc zombies (Ossuary)
  2 quokka skeletons
  9 rats
207 creatures vanquished.

Vanquished Creatures (collateral kills)
  A necrophage (D:8)
  2 gnolls (D:6)
3 creatures vanquished.

Grand Total: 210 creatures vanquished

Notes
Turn   | Place    | Note
-------+----------+-------------------------------------------
     0 | D:1      | seyes the Octopode Transmuter began the quest for the Orb.
     0 | D:1      | Reached XP level 1. HP: 13/13 MP: 3/3
    49 | D:1      | Reached XP level 2. HP: 6/18 MP: 5/5
   244 | D:1      | Learned a level 2 spell: Sticks to Snakes
   737 | D:1      | Reached skill level 1 in Throwing
   737 | D:1      | Reached XP level 3. HP: 14/23 MP: 6/6
  1434 | D:1      | Reached XP level 4. HP: 13/28 MP: 7/7
  2199 | D:2      | Reached XP level 5. HP: 34/34 MP: 8/8
  2231 | D:2      | Learned a level 3 spell: Spider Form
  2911 | D:3      | Found a bloodstained altar of Trog.
  3003 | D:3      | Reached skill level 1 in Poison Magic
  3089 | D:3      | Noticed christhawk's ghost (amateur DsHu)
  3441 | D:3      | Reached skill level 3 in Transmutations
  3441 | D:3      | Reached XP level 6. HP: 35/39 MP: 9/9
  4144 | D:4      | Found Jeb Rajej's Antique Armour Shop.
  4151 | D:4      | Bought a shiny shield for 210 gold pieces
  4891 | D:4      | Reached XP level 7. HP: 38/45 MP: 12/12
  5074 | D:5      | Entered Level 5 of the Dungeon
  5074 | D:5      | Noticed Sigmund
  5099 | D:4      | Noticed SirKenneth's ghost (novice CeHu)
  5162 | D:5      | Reached skill level 4 in Transmutations
  5331 | D:5      | Learned a level 4 spell: Ice Form
  5456 | D:5      | Found a glowing silver altar of Zin.
  5578 | D:5      | Reached skill level 1 in Ice Magic
  6145 | D:5      | Reached XP level 8. HP: 37/50 MP: 14/14
  6704 | D:5      | Found a white marble altar of Elyvilon.
  6801 | D:6      | Found a glowing drain.
  6837 | Sewer    | Entered a sewer
  7496 | D:6      | Noticed Blork the orc
  7558 | D:6      | Killed Blork the orc
  7558 | D:6      | Reached skill level 5 in Ice Magic
  7687 | D:6      | Reached skill level 5 in Spellcasting
  7687 | D:6      | Reached skill level 5 in Transmutations
  8484 | D:6      | Found a staircase to the Ecumenical Temple.
  8492 | Temple   | Entered the Ecumenical Temple
  8500 | Temple   | Became a worshipper of Cheibriados the Contemplative
  8512 | Temple   | Learned a level 5 spell: Blade Hands
  8527 | D:6      | Reached skill level 6 in Transmutations
  8535 | D:6      | Reached XP level 9. HP: 36/54 MP: 16/16
  8682 | D:6      | Noticed Duvessa
  8682 | D:6      | Noticed Dowan
  9015 | D:6      | Reached skill level 7 in Transmutations
  9015 | D:6      | Reached skill level 1 in Invocations
  9394 | D:6      | Reached * piety under Cheibriados
  9514 | D:7      | Found a stormy altar of Qazlal.
  9862 | D:7      | Noticed Menkaure
 10487 | D:8      | Reached skill level 1 in Stealth
 10577 | D:8      | Found a sand-covered staircase.
 10586 | Ossuary  | Entered an ossuary
 10982 | Ossuary  | Reached ** piety under Cheibriados
 11871 | D:8      | Found a radiant altar of Vehumet.
 11878 | D:8      | Found a burning altar of Makhleb.
 11878 | D:8      | Found a glowing golden altar of the Shining One.
 11878 | D:8      | Found a deep blue altar of Sif Muna.
 11884 | D:8      | Found a sacrificial altar of Ru.
 11884 | D:8      | Found a basalt altar of Yredelemnul.
 12159 | D:8      | Killed from afar by a steam dragon

Skill      XL: |  1  2  3  4  5  6  7  8  9 |
---------------+----------------------------+-----
Throwing       | 1 |  1.0
Fighting       | 2 |  2.8
Unarmed Combat | 4 |  4.6
Dodging        | 3 |  3.6
Poison Magic   | 2 3 4 |  4.2
Transmutations | 3 4 6 7 |  7.6
Spellcasting   | 3 4 5 |  5.0
Ice Magic      | 2 5 |  5.1
Invocations    | 3 |  3.2
Stealth        | 3 |  3.1

Action                   |  1- 3 |  4- 6 |  7- 9 || total
-------------------------+-------+-------+-------++-------
Melee: Unarmed           |    50 |       |   130 ||   180
       Constrict         |    14 |    38 |    49 ||   101
       Tentacles         |    10 |    23 |    61 ||    94
       Whip              |     9 |   127 |   147 ||   283
       Kick              |       |       |     9 ||     9
       Punch             |       |       |     9 ||     9
 Fire: Blowgun           |       |    11 |   102 ||   113
Throw: Stone             |    48 |    68 |    57 ||   173
       Javelin           |       |    18 |     1 ||    19
       Tomahawk          |       |       |    16 ||    16
       Throwing net      |       |       |     1 ||     1
 Cast: Sticks to Snakes  |       |     3 |    13 ||    16
       Beastly Appendage |       |       |     5 ||     5
       Spider Form       |       |       |     4 ||     4
       Blade Hands       |       |       |    10 ||    10
       Ice Form          |       |       |     1 ||     1
 Abil: End Transformatio |       |       |     2 ||     2
Evoke: Wand              |       |       |     2 ||     2
  Use: Scroll            |     2 |     6 |     8 ||    16
       Potion            |       |       |     2 ||     2
 Stab: Sleeping          |       |     2 |     2 ||     4
       Held in net/web   |       |       |     1 ||     1
       Distracted        |       |       |     1 ||     1
  Eat: Chunk             |     1 |    11 |    14 ||    26
       Royal jelly       |       |       |     4 ||     4
Armor: Skin              |       |    11 |    14 ||    25
Dodge: Dodged            |    50 |    83 |   162 ||   295
Block: Shield            |       |     4 |       ||     4
